cohdb
Replays
Latest Replays
All Replays
Popular Replays
Top Player Replays
Match Explorer
How It Works
Community
CoH3 Stats
Reddit
Sign in to upload your games and track your stats! →
Sign in with Steam
Match 43508406
Unlisted
Match 43508406
Overview
Messages
Build Orders
End
Construct Section Command Post
Royal Engineer Section
Dingo Light Scout Car
Infantry Section
Infantry Section
Grenade Package
Selects Canadian Shock Battlegroup
Selects Attacking Spirit
Selects Canadian Shock Section
Selects Incendiary Munitions
Construct Platoon Command Post
Humber Armored Car
Unlock Bishop Self-propelled Artillery
6-pounder Anti-tank Gun Team
Selects Pyrotechnics
Bishop Self-propelled Artillery
Infantry Training
Light Vehicle Training
Construct Field Infirmary
B1t
SkyCurv
imc下等步枪兵fish
Diabolus
Obsidian sand
Globalnaya
HiddenJoker
CPU-Leisure
0
0
Comments
sign in to comment!
No comments posted yet!